 Dungeon Crawl Stone Soup version 0.29.0-11-gd7f09526c8 (webtiles) character file.

Game seed: 1832069095030302891

4616 SensoryNuts the Severer (level 10, -1/129 HPs)
             Began as a Hill Orc Fighter on Sept 2, 2022.
             Slain by a 14-headed hydra (2 damage)
             ... on level 9 of the Dungeon.
             The game lasted 00:09:07 (7308 turns).

SensoryNuts the Severer (Hill Orc Fighter)          Turns: 7308, Time: 00:09:08

Health: -1/129     AC: 15    Str: 24    XL:     10   Next: 42%
Magic:  10/10      EV: 10    Int:  8    God:
Gold:   432        SH:  5    Dex: 10    Spells: 9/9 levels left

rFire   x . .      SeeInvis .   a - +0 war axe
rCold   + + .      Faith    .   c - +0 buckler
rNeg    . . .      Spirit   .   g - +2 ice dragon scales
rPois   .          Reflect  .   (no helmet)
rElec   .          Harm     .   (no cloak)
rCorr   .          Rampage  .   p - +0 pair of gloves
Will    .....                   (no boots)
Stlth   ..........              e - amulet of regeneration
HPRegen 1.11/turn               (no ring)
MPRegen 0.12/turn               (no ring)

@: berserking, very quick
A: no striking features
a: no special abilities


You were on level 9 of the Dungeon.
You visited 2 branches of the dungeon, and saw 10 of its levels.

You collected 432 gold pieces.

Inventory:

Hand Weapons
 a - a +0 war axe (weapon)
Missiles
 o - a throwing net
Armour
 c - a +0 buckler (worn)
 d - a +0 pair of boots
 g - +2 ice dragon scales (worn)
 p - a +0 pair of gloves (worn)
Jewellery
 e - an amulet of regeneration (around neck)
 r - a +6 ring of intelligence
 w - a ring of magical power
Wands
 f - a wand of mindburst (9) (quivered)
 q - a wand of roots (13)
Scrolls
 b - 2 scrolls of teleportation
 j - a scroll of magic mapping
 x - a scroll of blinking
Potions
 h - a potion of cancellation
 i - 2 potions of lignification
 l - 2 potions of magic
 m - a potion of degeneration {unknown}
 n - 2 potions of curing
 s - a potion of brilliance {unknown}
 u - a potion of berserk rage
 v - 2 potions of mutation {unknown}


   Skills:
 + Level 7.5 Fighting
 * Level 15.2 Axes
 + Level 7.0 Armour
 + Level 2.4 Dodging
 + Level 0.7 Stealth
 + Level 5.0 Shields


You had 9 spell levels left.
You didn't know any spells.
Your spell library contained the following spells:

 Spells                   Type           Power      Damage    Failure   Level
 Magic Dart               Conj           0%         1d3       83%         1
 Slow                     Hex            0%         N/A       83%         1
 Blink                    Tloc           0%         N/A       92%         2
 Searing Ray              Conj           0%         2d4       92%         2
 Confusing Touch          Hex            0%         N/A       99%         3
 Gell's Gravitas          Tloc           0%         N/A       99%         3
 Lesser Beckoning         Tloc           0%         N/A       99%         3
 Ozocubu's Armour         Ice            0%         N/A       99%         3
 Teleport Other           Tloc           0%         N/A       99%         3
 Vampiric Draining        Necr           0%         2d6       99%         3
 Fulminant Prism          Conj/Hex       0%         3d6       100%        4
 Manifold Assault         Tloc           0%         N/A       100%        5
 Metabolic Englaciation   Hex/Ice        0%         N/A       100%        5
 Yara's Violent Unravell  Hex/Tmut       0%         3d3       100%        5
 Simulacrum               Ice/Necr       0%         N/A       100%        6
 Enfeeble                 Hex            0%         N/A       100%        7


Dungeon Overview and Level Annotations

Branches:
Dungeon (9/15)             Temple (1/1) D:7
   Lair: D:8-11         Orc: D:9-12

Altars:
Ashenzari
Cheibriados
Dithmenos
Elyvilon
Fedhas
Gozag
Hepliaklqana
Kikubaaqudgha
Makhleb
Nemelex Xobeh
Qazlal
Ru
Sif Muna
Uskayaw
Wu Jian
Xom
Yredelemnul
Zin
The Shining One

Shops:
D:6 =

Annotations:
D:8 2 transporters, voltaire321's ghost, novice MiFi
D:9 Maurice


Message History

The ten-headed hydra bites you.
* * * LOW HITPOINT WARNING * * *
You block the ten-headed hydra's attack.
You chop one of the ten-headed hydra's heads off!
The nine-headed hydra grows two more!
You slash the 11-headed hydra!
The 11-headed hydra is severely wounded.
Unknown command.
The orc shouts!
You chop one of the 11-headed hydra's heads off!
The ten-headed hydra grows two more!
You slash the 12-headed hydra!
The 12-headed hydra is severely wounded.
You block the 12-headed hydra's attack. The 12-headed hydra barely misses you.
The 12-headed hydra closely misses you. You block the 12-headed hydra's attack.
The 12-headed hydra bites you but does no damage.
The 12-headed hydra barely misses you.
The 12-headed hydra bites you but does no damage.
The 12-headed hydra barely misses you.
The 12-headed hydra completely misses you.
The 12-headed hydra bites you.
* * * LOW HITPOINT WARNING * * *
The 12-headed hydra bites you.
* * * LOW HITPOINT WARNING * * *
The 12-headed hydra bites you.
* * * LOW HITPOINT WARNING * * *
You lop one of the 12-headed hydra's heads off!
The 11-headed hydra grows two more!
You slash the 13-headed hydra!
The 13-headed hydra is severely wounded.
Unknown command.
You lop one of the 13-headed hydra's heads off!
The 12-headed hydra grows two more!
You slash the 14-headed hydra!
The 14-headed hydra is severely wounded.
The 14-headed hydra closely misses you.
The 14-headed hydra bites you but does no damage. x2
The 14-headed hydra bites you!
* * * LOW HITPOINT WARNING * * *
The 14-headed hydra closely misses you. The 14-headed hydra bites you.
* * * LOW HITPOINT WARNING * * *
The 14-headed hydra closely misses you.
You block the 14-headed hydra's attack. x2
The 14-headed hydra bites you.
You die...

##.#
#...........#
...#
#...........#
####
#.........!.#
#..)........#
####'########
#.# #.# #####
#.### o..oo.
#..@# o.....
###D# ......
#....o{.....#
..oo.
#...........#


ooo{ .'...........# .o. .#...........# .. #...........# o #...........#
#...........# You could see a 14-headed hydra and an orc.

Vanquished Creatures
  10 yaks
  Sigmund (D:3)
  A wyvern (D:9)
  Menkaure (D:4)
  3 sky beasts (D:7)
  A black bear (D:7)
  An ice beast (D:7)
  An ogre (D:6)
  2 centaurs
  2 bullfrogs (D:8)
  A necrophage (D:5)
  A scorpion (D:5)
  9 wights (D:8)
  6 killer bees (D:8)
  A jelly (D:5)
  3 howler monkeys
  4 crimson imps (D:6)
  3 hounds
  4 orc priests
  Jessica (D:3)
  A gnoll bouda (D:4)
  Crazy Yiuf (D:4)
  Ijyb (D:4)
  An iguana (D:5)
  3 orc wizards (D:8)
  10 adders
  12 gnolls (D:4)
  A white imp (D:5)
  3 worms
  4 dart slugs
  31 orcs
  8 ball pythons
  3 bats
  6 endoplasms
  5 giant cockroaches
  3 goblins
  6 hobgoblins
  5 jackals
  6 quokkas
  3 frilled lizards
  6 kobolds
  4 rats
179 creatures vanquished.

Vanquished Creatures (others)
  4 plants (D:2)
4 creatures vanquished.

Grand Total: 183 creatures vanquished

Notes
Turn   | Place    | Note
-------+----------+-------------------------------------------
     0 | D:1      | SensoryNuts the Hill Orc Fighter began the quest for the
                  | Orb.
     0 | D:1      | Reached XP level 1. HP: 19/19 MP: 1/1
   105 | D:1      | Reached XP level 2. HP: 20/27 MP: 2/2
   286 | D:1      | Found a faded altar of an unknown god.
   408 | D:1      | Reached skill level 3 in Axes
   716 | D:2      | Reached XP level 3. HP: 28/33 MP: 3/3
  1248 | D:2      | Identified the amulet "Mixyuv" {Faith rPois Will+ Dex+3}
  1373 | D:2      | Reached skill level 4 in Axes
  1382 | D:2      | Reached XP level 4. HP: 38/40 MP: 4/4
  1747 | D:2      | Identified a scroll of acquirement
  1747 | D:2      | Acquired an amulet of regeneration
  1771 | D:3      | Noticed Sigmund
  1851 | D:3      | Killed Sigmund
  1852 | D:3      | Reached skill level 6 in Axes
  1852 | D:3      | Reached XP level 5. HP: 35/47 MP: 5/5
  1852 | D:3      | Reached XP level 6. HP: 40/53 MP: 6/6
  1984 | D:3      | Noticed Jessica
  1990 | D:3      | Killed Jessica
  2086 | D:3      | Reached skill level 1 in Dodging
  2094 | D:3      | Found a hazy altar of Hepliaklqana.
  2267 | D:3      | You fall into a shaft and drop 2 floors!
  2267 | D:5      | Entered Level 5 of the Dungeon
  2354 | D:5      | Reached skill level 7 in Axes
  2399 | D:4      | Reached XP level 7. HP: 56/60 MP: 7/7
  2894 | D:4      | Noticed Menkaure
  2900 | D:4      | Killed Menkaure
  2901 | D:4      | Reached skill level 5 in Fighting
  2901 | D:4      | Reached skill level 8 in Axes
  3104 | D:4      | Noticed Ijyb
  3113 | D:4      | Killed Ijyb
  3191 | D:4      | Found a runed translucent door.
  3192 | D:4      | Noticed Crazy Yiuf
  3267 | D:4      | Found an opulent altar of Gozag.
  3267 | D:4      | Found a stormy altar of Qazlal.
  3341 | D:4      | Found a shimmering blue altar of Sif Muna.
  3341 | D:4      | Found a snail-covered altar of Cheibriados.
  3556 | D:4      | Killed Crazy Yiuf
  3557 | D:4      | Reached skill level 9 in Axes
  3789 | D:5      | Reached XP level 8. HP: 68/68 MP: 8/8
  4532 | D:6      | Reached skill level 5 in Armour
  4718 | D:6      | Found a shimmering altar of Xom.
  4907 | D:6      | Reached skill level 10 in Axes
  4993 | D:6      | Found Nyenkahu's Jewellery Emporium.
  5184 | D:7      | Reached skill level 11 in Axes
  5212 | D:7      | Reached XP level 9. HP: 75/75 MP: 9/9
  5241 | D:7      | Reached skill level 12 in Axes
  5245 | D:7      | Found a staircase to the Ecumenical Temple.
  5291 | Temple   | Entered the Ecumenical Temple
  5563 | D:7      | Found a white marble altar of Elyvilon.
  5630 | D:7      | Found a basalt altar of Yredelemnul.
  6083 | D:8      | Found a glowing golden altar of the Shining One.
  6293 | D:8      | Reached skill level 13 in Axes
  6485 | D:8      | Found a transporter.
  6490 | D:8      | Found a transporter.
  6490 | D:8      | Noticed voltaire321's ghost (novice MiFi)
  6604 | D:8      | Noticed a hornet
  6723 | D:8      | Reached skill level 14 in Axes
  6723 | D:8      | Reached XP level 10. HP: 41/86 MP: 10/10
  7086 | D:9      | Noticed Maurice
  7092 | D:9      | Noticed a four-headed hydra
  7203 | D:9      | Reached skill level 15 in Axes
  7203 | D:9      | Reached skill level 5 in Shields
  7308 | D:9      | HP: 2/129 [14-headed hydra (11)]
  7308 | D:9      | Slain by a 14-headed hydra

Illustrated notes

Levels and vault maps discovered:
D:1:      enne_arrival_octagon_isle, layout_rooms, serial_glass,
          glass_columns_a, glass_columns_a, ebering_ecumenical_altar_petrified
D:2:      minmay_chambers_of_ones, layout_loops_ring, minmay_misc_feat_roman,
          chequers_serial_rivers_small_b, corexii_leaking_fountain,
          serial_bayou_pond_a
D:3:      layout_loops_ring, mainiacjoe_overflow_chevrons, uniq_jessica,
          uniq_sigmund
D:4:      layout_basic, nicolae_overflow_hidden_temple, minmay_circle_x,
          uniq_menkaure, uniq_crazy_yiuf_cottage, uniq_ijyb
D:5:      layout_basic
D:6:      layout_basic, led_xom_imps, serial_shops, kennysheep_mini,
          corner_web_ring
D:7:      layout_cave_pods, kennysheep_ying_yang, minmay_temple_entry_slanted,
          dreamdust_princess_bridge
D:8:      layout_basic, mainiacjoe_overflow_concentric_impassable, serial_glass,
          glass_columns_b, glass_columns_c, gammafunk_ghost_hive
D:9:      layout_roguey [special_room_orc], roderic_roman_lattice, uniq_maurice
Temple:   zaba_magenta_temple

Skill      XL: |  1  2  3  4  5  6  7  8  9 10 |
---------------+-------------------------------+-----
Fighting       | 4 5 6 7 |  7.5
Axes           | 3 4 6 7 9 11 14 15 | 15.2
Armour         | 4 5 6 7 |  7.0
Dodging        | 1 2 |  2.4
Shields        | 4 5 |  5.0
Stealth        | |  0.7

Action                   |  1- 3 |  4- 6 |  7- 9 | 10-12 || total
-------------------------+-------+-------+-------+-------++-------
Melee: War axe           |    93 |    98 |   364 |    96 ||   651
Evoke: Wand              |       |       |       |    12 ||    12
  Use: Scroll            |       |     3 |    12 |     1 ||    16
       Potion            |       |       |     4 |     3 ||     7
Armor: Scale mail        |    61 |    29 |       |       ||    90
       Ice dragon scales |       |    10 |   196 |    48 ||   254
Dodge: Dodged            |    50 |    57 |   157 |    45 ||   309
Block: Buckler           |    24 |    27 |    57 |    20 ||   128
